 Dungeon Crawl Stone Soup version 0.24.0-37-gcf1ca852f1 (webtiles) character file.

Game seed: 7814572476480636154, levelgen mode: deterministic

9395 Delamore the Severer (level 11, 0/82 HPs)
             Began as a Hill Orc Fighter on Dec 2, 2019.
             Was a Priest of Okawaru.
             Killed by vampiric draining
             ... invoked by nano's ghost
              (5 damage)
             ... on level 10 of the Dungeon.
             The game lasted 00:17:47 (10860 turns).

Delamore the Severer (Hill Orc Fighter)            Turns: 10860, Time: 00:17:48

Health: 0/82       AC: 20    Str: 26    XL:     11   Next: 45%
Magic:  1/11       EV: 10    Int:  8    God:    Okawaru [***...]
Gold:   789        SH: 16    Dex: 16    Spells: 10/10 levels left

rFire    . . .     SeeInvis .   a - +0 war axe
rCold    . . .     Gourm    .   c - +0 shield
rNeg     . . .     Faith    .   y - +4 chain mail
rPois    .         Spirit   .   D - +0 helmet
rElec    .         Reflect  .   (no cloak)
rCorr    .         Harm     .   z - +1 pair of gloves
MR       +....                  p - +0 pair of boots
Stlth    ..........             F - amulet of the acrobat
HPRegen  0.23/turn              l - +4 ring of dexterity
MPRegen  0.12/turn              A - ring of protection from magic

@: mighty, heroism
A: large bone plates 1, subdued magic 1
a: Heroism, Renounce Religion


You were on level 10 of the Dungeon.
You worshipped Okawaru.
Okawaru was most pleased with you.
You were not hungry.

You visited 2 branches of the dungeon, and saw 11 of its levels.
You also visited: Ossuary.

You collected 789 gold pieces.

Inventory:

Hand Weapons
 a - a +0 war axe (weapon)
Missiles
 b - 6 silver javelins (quivered)
Armour
 c - a +0 shield (worn)
 p - a +0 pair of boots (worn)
 v - a +1 chain mail of cold resistance
 y - a +4 chain mail (worn)
 z - a +1 pair of gloves (worn)
 D - a +0 helmet (worn)
Jewellery
 l - a +4 ring of dexterity (left hand)
 o - a +5 ring of intelligence
 q - an uncursed ring of see invisible
 u - the ring of Xabing {Ice rN+ MR+ Str+3 Int-2}
   (You found it on level 5 of the Dungeon)

   [ring of ice]

   It enhances your ice magic.
   It affects your strength (+3).
   It affects your intelligence (-2).
   It makes you vulnerable to fire.
   It protects you from cold.
   It protects you from negative energy.
   It affects your resistance to hostile enchantments.
 A - a ring of protection from magic (right hand)
 F - an amulet of the acrobat (around neck)
 N - an uncursed ring of protection from fire
Wands
 w - a wand of acid (6)
 E - a wand of enslavement (15)
 O - a wand of polymorph (10)
 V - a wand of iceblast (19)
 W - a wand of random effects (14)
Scrolls
 e - 2 scrolls of amnesia
 h - a scroll of enchant armour
 k - a scroll of immolation {unknown}
 r - 11 scrolls of teleportation
 t - 4 scrolls of blinking {unknown}
 C - a scroll of fog {unknown}
 J - a scroll of enchant weapon {unknown}
 L - 5 scrolls of identify
 M - 3 scrolls of remove curse {unknown}
 P - a scroll of silence {unknown}
 Q - a scroll of noise {unknown}
 R - a scroll of fear {unknown}
 S - a scroll of magic mapping
 U - a scroll of brand weapon {unknown}
Potions
 d - 5 potions of might
 g - 3 potions of degeneration {unknown}
 i - 3 potions of haste
 j - 2 potions of heal wounds {unknown}
 m - a potion of magic {unknown}
 n - 2 potions of lignification {unknown}
 s - 3 potions of mutation
 x - 3 potions of agility {unknown}
 B - 3 potions of flight
 G - 2 potions of cancellation {unknown}
 H - 3 potions of curing
 I - 2 potions of berserk rage {unknown}
 K - a potion of resistance {unknown}
Comestibles
 f - 17 rations


   Skills:
 - Level 3.6(8.6) Fighting
 + Level 20.5(25.5) Axes
 - Level 3.2(8.2) Armour
 - Level 3.2(8.2) Shields


You had 10 spell levels left.
You didn't know any spells.
Your spell library contained the following spells:

 Spells                   Type           Power        Failure   Level  Hunger
 Beastly Appendage        Tmut           #.....       99%         1    ##.....
 Pain                     Necr           #...         99%         1    ##.....
 Shock                    Conj/Air       #...         99%         1    ##.....
 Corpse Rot               Necr           N/A          100%        2    ###....
 Sticks to Snakes         Tmut           #.......     100%        2    ###....
 Swiftness                Chrm/Air       #.......     100%        2    ###....
 Spider Form              Tmut/Pois      #.........   100%        3    ####...
 Static Discharge         Conj/Air       #.......     100%        3    ####...
 Vampiric Draining        Necr           #.........   100%        3    ####...
 Airstrike                Air            #.........   100%        4    #####..
 Ice Form                 Ice/Tmut       #.......     100%        4    #####..
 Blade Hands              Tmut           #.........   100%        5    ######.
 Dispel Undead            Necr           #.......     100%        5    ######.
 Lightning Bolt           Conj/Air       #.........   100%        5    ######.
 Simulacrum               Ice/Necr       #.........   100%        6    #######


Dungeon Overview and Level Annotations

Branches:
Dungeon (10/15)            Temple (1/1) D:7            Lair (0/6) D:9
Ossuary (visited)
    Orc: D:9-12

Altars:
Ashenzari
Cheibriados
Dithmenos
Elyvilon
Fedhas
Gozag
Hepliaklqana
Kikubaaqudgha
Makhleb
Nemelex Xobeh
Okawaru
Qazlal
Ru
Sif Muna
Trog
Uskayaw
Vehumet
Wu Jian
Xom
Yredelemnul
Zin
The Shining One

Shops:
D:8 [

Annotations:
D:10 nano's ghost, journeyman KoNe


Innate Abilities, Weirdness & Mutations

You are partially covered in large bone plates. (SH +4)
Your spells are a little easier to cast, but a little less powerful.


Message History

You block nano's ghost's attack.
You miss nano's ghost.
Nano's ghost is almost destroyed.
Nano's ghost is infused with unholy energy.
* * * LOW HITPOINT WARNING * * *
Nano's ghost draws life force from you and is healed!
You feel very mighty all of a sudden. You block nano's ghost's attack.
You slash nano's ghost!
Nano's ghost is almost destroyed.
You block nano's ghost's attack.
You hit nano's ghost.
Nano's ghost is almost destroyed.
You hit nano's ghost.
Nano's ghost is almost destroyed.
You block nano's ghost's attack.
You barely miss nano's ghost.
Nano's ghost is almost destroyed.
Nano's ghost is infused with unholy energy.
You die...

#.......###.....#....##########.#
................#...#.......
.......>#####...#...#.#####.
.........###....#...#.#
....................#.#
......####..#####...#.# .#
#...###..####...##..#.# .# ...##
...........#..#.# .# ...#
..Y...Y###W@##.... .#
...##5Y#....) ##..#.#.##.##
....#..#...=.. #..#.......# #
....#..##.$...##..#.#.....#...#
....#...###![##..##....<......#
....##....####...#....######..#
.....#..........##........#
#..#.##.........#...#...#.#
......##.......##...#...#.#


You could see nano's ghost.

Vanquished Creatures
  2 centaur zombies (D:10)
  Joseph (D:7)
  Psyche (D:8)
  2 hellwings (D:10)
  Prince Ribbit (D:7)
  A hippogriff (D:9)
  A human (D:10)
  A vampire (D:10)
  A yak (D:10)
  3 hogs (D:10)
  Menkaure (Ossuary)
  2 soldier ants
  2 orc warriors (D:10)
  5 ice beasts
  2 black bears
  3 sky beasts
  6 ogres
  An eye of draining (D:10)
  A phantom (D:6)
  3 centaurs
  2 big kobolds
  An elf zombie (Ossuary)
  Blork the orc (D:4)
  7 bullfrogs
  A water moccasin zombie (D:7)
  A wyvern skeleton (D:9)
  A scorpion (D:5)
  A troll zombie (Ossuary)
  7 wights
  A howler monkey (D:10)
  3 crimson imps
  A bullfrog skeleton (D:10)
  5 centaur skeletons
  8 orc priests
  8 hounds
  14 orc wizards
  3 iguanas
  5 worker ants
  4 ogre zombies (Ossuary)
  A hound skeleton (D:10)
  6 mummies (Ossuary)
  A howler monkey zombie (D:8)
  3 gnolls
  9 adders
  A hound simulacrum (D:10)
  A howler monkey skeleton (D:4)
  6 shadow imps
  3 white imps (D:10)
  An adder skeleton (D:6)
  4 adder zombies (Ossuary)
  2 worms
  4 dart slugs
  5 leopard geckos
  43 orcs
  2 ball pythons
  4 bats
  2 giant cockroaches
  6 goblins
  9 hobgoblins
  23 jackals
  A quokka (D:8)
  A frilled lizard (D:1)
  5 goblin zombies (Ossuary)
  5 hobgoblin zombies (Ossuary)
  A jackal skeleton (D:6)
  14 kobolds
  2 kobold zombies (Ossuary)
  4 quokka zombies
  8 rats
  5 rat zombies (Ossuary)
296 creatures vanquished.

Notes
Turn   | Place    | Note
-------+----------+-------------------------------------------
     0 | D:1      | Delamore the Hill Orc Fighter began the quest for the Orb.
     0 | D:1      | Reached XP level 1. HP: 19/19 MP: 1/1
    39 | D:1      | Reached skill level 3 in Axes
   113 | D:1      | Reached XP level 2. HP: 22/26 MP: 2/2
   203 | D:1      | Reached skill level 4 in Axes
   392 | D:1      | Reached XP level 3. HP: 26/31 MP: 3/3
   817 | D:2      | Reached skill level 5 in Axes
   943 | D:2      | Reached XP level 4. HP: 31/39 MP: 4/4
  1271 | D:2      | Reached skill level 6 in Axes
  1986 | D:3      | Reached XP level 5. HP: 42/45 MP: 5/5
  2672 | D:4      | Reached skill level 7 in Axes
  2861 | D:4      | Noticed an ogre
  2871 | D:4      | Killed an ogre
  2871 | D:4      | Reached skill level 8 in Axes
  2871 | D:4      | Reached XP level 6. HP: 7/51 MP: 6/6
  3183 | D:4      | Found a white marble altar of Elyvilon.
  3221 | D:4      | Noticed Blork the orc
  3233 | D:4      | Killed Blork the orc
  3360 | D:4      | Reached skill level 9 in Axes
  3461 | D:4      | Reached XP level 7. HP: 53/57 MP: 7/7
  3711 | D:5      | Entered Level 5 of the Dungeon
  3853 | D:5      | Found a sacrificial altar of Ru.
  3882 | D:5      | Reached skill level 10 in Axes
  4336 | D:6      | Found a shimmering altar of Xom.
  4357 | D:6      | Reached skill level 11 in Axes
  4377 | D:6      | Reached XP level 8. HP: 32/64 MP: 8/8
  4400 | D:5      | Got a scorched lapis lazuli ring
  4402 | D:5      | Identified the ring of Xabing {Ice rN+ MR+ Str+3 Int-2}
                  | (You found it on level 5 of the Dungeon)
  4470 | D:6      | Reached skill level 12 in Axes
  4514 | D:6      | Found a sand-covered staircase.
  4522 | Ossuary  | Entered an ossuary
  4987 | Ossuary  | Reached skill level 13 in Axes
  5186 | Ossuary  | Noticed Menkaure
  5361 | Ossuary  | Killed Menkaure
  5740 | D:6      | Reached skill level 14 in Axes
  5740 | D:6      | Reached XP level 9. HP: 58/70 MP: 9/9
  6421 | D:6      | Reached skill level 15 in Axes
  6697 | D:7      | Noticed Prince Ribbit
  6702 | D:7      | Noticed Joseph
  6710 | D:7      | Gained mutation: Your spells are a little easier to cast,
                  | but a little less powerful. [potion of mutation]
  6710 | D:7      | Gained mutation: You are partially covered in large bone
                  | plates. (SH +4) [potion of mutation]
  7045 | D:7      | Killed Joseph
  7045 | D:7      | Reached skill level 16 in Axes
  7376 | D:7      | Found a staircase to the Ecumenical Temple.
  7473 | D:8      | Found Kirap's Antique Armour Emporium.
  7512 | D:8      | Reached XP level 10. HP: 67/77 MP: 10/10
  7699 | D:8      | Reached skill level 17 in Axes
  7705 | D:8      | Found a blossoming altar of Fedhas.
  7731 | D:8      | Found an opulent altar of Gozag.
  7768 | Temple   | Entered the Ecumenical Temple
  7875 | Temple   | Became a worshipper of Warmaster Okawaru
  8114 | D:7      | Killed Prince Ribbit
  8402 | D:8      | Noticed Psyche
  8415 | D:8      | Killed Psyche
  8661 | D:8      | Identified Sif Muna's Handbook of Mutagenic Unholy Secrets
  8842 | D:9      | Reached * piety under Okawaru
  8995 | D:9      | Reached skill level 18 in Axes
  9534 | D:9      | Found a staircase to the Lair.
  9646 | D:10     | Entered Level 10 of the Dungeon
  9943 | D:10     | Reached ** piety under Okawaru
  9982 | D:10     | Reached skill level 19 in Axes
 10054 | D:10     | Reached XP level 11. HP: 27/82 MP: 7/11
 10266 | D:10     | Reached *** piety under Okawaru
 10327 | D:10     | Reached skill level 20 in Axes
 10622 | D:10     | Received a gift from Okawaru
 10727 | D:10     | Noticed nano's ghost (journeyman KoNe)
 10770 | D:10     | Found a runed translucent gate.
 10770 | D:10     | Found a runed translucent gate.
 10770 | D:10     | Found a runed translucent gate.
 10860 | D:10     | Killed from afar by nano's ghost

Levels and vault maps discovered:
D:1:      moated_graveyard_arrival, layout_rooms
D:2:      layout_basic, kennysheep_generic_room_2
D:3:      layout_basic, first_ration
D:4:      kb_forest_paths, layout_basic, elyvilon_altar_4,
          corexii_item_surrounded_by_moat, corexii_item_surrounded_by_moat,
          mrwooster_statue_mirror, chequers_serial_rivers_large_a,
          small_statue_intersection, abandoned_shop, uniq_blork_the_orc
D:5:      cheibrodos_two_vegetables, layout_rooms, nicolae_ru_awakened_eye,
          corexii_checkpoint_b
D:6:      layout_cave_pools, nicolae_ossuary_entry_monument, xom_teletrap_fun
D:7:      layout_loops_cross, minmay_temple_entry_from_below_a,
          uniq_prince_ribbit1, uniq_joseph
D:8:      layout_basic, nicolae_overflow_crystal_walls, fedhas_ov_isle_minmay,
          serial_shops, kennysheep_mini_moat, uniq_psyche
D:9:      layout_roguey, lair_entry_dummy
D:10:     cheibrodos_grave_circle, layout_basic, gammafunk_ghost_icy,
          grunt_livestock, chequers_serial_rivers_small_3, moated_statue,
          grunt_decor_mini_mirrors, minmay_misc_feat_enclosed
Temple:   regret_index_temple_mists

Skill      XL: |  1  2  3  4  5  6  7  8  9 10 11 |
---------------+----------------------------------+-----
Axes           | 3 4 5 6 8 9 11 14 16 19 20 | 20.5
Fighting       | |  3.6
Armour         | |  3.2
Shields        | |  3.2

Action                   |  1- 3 |  4- 6 |  7- 9 | 10-12 || total
-------------------------+-------+-------+-------+-------++-------
Melee: War axe           |    75 |   171 |   465 |   465 ||  1176
Invok: Heroism           |       |       |       |     1 ||     1
  Use: Scroll            |       |       |     6 |       ||     6
       Potion            |       |       |     4 |     1 ||     5
  Eat: Chunk             |       |     8 |     6 |    12 ||    26
       Ration            |       |       |     2 |       ||     2
Armor: Scale mail        |    38 |    25 |       |       ||    63
       Chain mail        |       |    58 |   198 |   145 ||   401
Dodge: Dodged            |    28 |    39 |    78 |    61 ||   206
Block: Shield            |    38 |    79 |   201 |   221 ||   539
